 Dungeon Crawl Stone Soup version 0.24.0-37-gcf1ca852f1 (webtiles) character file.

Game seed: 6222768956993602740, levelgen mode: deterministic

2717 Goreval the Reanimator (level 9, 0/77 (78) HPs)
             Began as a Hill Orc Necromancer on Dec 4, 2019.
             Slain by a yak (7 damage)
             ... on level 9 of the Dungeon.
             The game lasted 00:41:57 (12232 turns).

Goreval the Reanimator (Hill Orc Necromancer)      Turns: 12232, Time: 00:41:58

HP:   0/77 (78)     AC:  8    Str: 11    XL:     9   Next: 66%
MP:   13/13         EV: 13    Int: 18    God:
Gold: 398           SH:  0    Dex: 11    Spells: 2/14 levels left

rFire    . . .     SeeInvis +   M - +0 short sword
rCold    . . .     Gourm    +   (no shield)
rNeg     . . .     Faith    .   a - +0 robe
rPois    .         Spirit   .   (no helmet)
rElec    .         Reflect  .   h - +0 cloak
rCorr    .         Harm     .   l - +2 pair of gloves
MR       .....                  (no boots)
Stlth    ++........             g - amulet of the gourmand
HPRegen  0.22/turn              u - ring of see invisible
MPRegen  0.13/turn              H - +2 ring of protection (curse)

@: no status effects
A: no striking features
a: no special abilities


You were on level 9 of the Dungeon.
You were completely stuffed.

You visited 2 branches of the dungeon, and saw 10 of its levels.

You collected 438 gold pieces.
You spent 40 gold pieces at shops.

Inventory:

Hand Weapons
 d - a +0 dagger
 L - a +0 falchion {don't train}
 M - a +0 short sword (weapon)
Missiles
 e - 258 stones (quivered) {don't train}
Armour
 a - a +0 robe (worn)
 h - a +0 cloak (worn)
 l - a +2 pair of gloves (worn)
 J - a cursed +0 buckler
Jewellery
 g - an amulet of the gourmand (around neck)
 t - an uncursed ring of resist corrosion
 u - a ring of see invisible (left hand)
 F - an uncursed ring of protection from cold
 H - a cursed +2 ring of protection (right hand)
Wands
 k - a wand of digging (5)
 s - a wand of acid (7)
 A - a wand of iceblast (5)
 B - a wand of disintegration (19)
 D - a wand of clouds (5)
Scrolls
 p - a scroll of immolation {unknown}
 x - a scroll of enchant armour
 y - 4 scrolls of teleportation {unknown}
 C - a scroll of random uselessness {unknown}
 E - a scroll of magic mapping {unknown}
 G - a scroll of identify
 K - a scroll of remove curse
Potions
 b - a potion of invisibility {unknown}
 f - a potion of heal wounds {unknown}
 i - 5 potions of haste
 j - a potion of mutation {unknown}
 m - 2 potions of curing {unknown}
 n - 2 potions of lignification
 o - a potion of brilliance {unknown}
 q - 2 potions of degeneration
 r - 2 potions of agility {unknown}
 v - 2 potions of resistance
 w - a potion of might
 z - a potion of berserk rage {unknown}
 I - a potion of magic {unknown}
Comestibles
 c - 9 rations
 N - 2 chunks of flesh


   Skills:
 + Level 6.4 Fighting
 * Level 5.9 Short Blades
 + Level 3.9 Dodging
 - Level 1.5 Stealth
 - Level 3.0 Spellcasting
 * Level 9.1 Necromancy


You had 2 spell levels left.
You knew the following spells:

 Your Spells              Type           Power        Failure   Level  Hunger
a - Pain                  Necr           ####         1%          1    None
b - Animate Skeleton      Necr           N/A          1%          1    None
c - Vampiric Draining     Necr           #####.....   1%          3    ###....
d - Animate Dead          Necr           N/A          3%          4    ####...
e - Regeneration          Chrm/Necr      ###.......   8%          3    ###....

Your spell library contained the following spells:

 Spells                   Type           Power        Failure   Level  Hunger
 Magic Dart               Conj           #...         16%         1    None
 Searing Ray              Conj           #.....       24%         2    ##.....
 Dazzling Spray           Conj/Hex       #.....       43%         3    ###....
 Force Lance              Conj/Tloc      #.......     85%         4    ####...
 Fulminant Prism          Conj/Hex       #.........   85%         4    ####...
 Iskenderun's Mystic Bla  Conj           #.......     85%         4    ####...


Dungeon Overview and Level Annotations

Branches:
Dungeon (9/15)             Temple (1/1) D:6
   Lair: D:8-11         Orc: D:9-12

Altars:
Ashenzari
Cheibriados
Dithmenos
Elyvilon
Fedhas
Gozag
Makhleb
Nemelex Xobeh
Qazlal
Ru
Sif Muna
Uskayaw
Vehumet
Wu Jian
Xom
Yredelemnul
Zin
The Shining One

Shops:
D:5 *

Annotations:
D:2 Grinder
D:3 1 runed translucent door, Crazy Yiuf
D:5 2 transporters, 2 runed translucent doors, Scypier's ghost, novice GnTm


Message History

The crimson imp barely misses you.
Your orc skeleton hits the crimson imp with a +0 flail {don't train}!
You closely miss the crimson imp.
The crimson imp hits you but does no damage.
You hit the crimson imp but do no damage.
The crimson imp blinks!
Your orc skeleton hits the crimson imp with a +0 flail {don't train}.
You barely miss the crimson imp. The crimson imp barely misses you.
You hit the crimson imp.
You kill the crimson imp!
There is a stone staircase leading down here.
You climb downwards.
Your mindless thrall stays behind.
The yak gores you! The yak gores you. The yak gores you! x2
There is a stone staircase leading up, spattered with blood here.
The yak gores you! x2
* * * LOW HITPOINT WARNING * * *
The yak barely misses you. The yak gores you.
* * * LOW HITPOINT WARNING * * *
The yak gores you!
You die...

#########+##
...........#
####..Y....#
......Y@...+
###...YYY..#
...........+
####.......#
+.......#
#.......#
#.......#
#########


You could see 5 yaks.

Vanquished Creatures
  A hippogriff (D:7)
  Sigmund (D:2)
  A yak (D:7)
  4 porcupines
  2 sky beasts
  An ice beast (D:7)
  A black bear (D:8)
  A necrophage (D:7)
  An orc warrior (D:8)
  2 ogres
  A centaur (D:5)
  A crocodile (D:8)
  Blork the orc (D:6)
  2 scorpions
  3 howler monkeys
  A crimson imp (D:8)
  2 bullfrog zombies
  3 hounds
  An orc priest (D:8)
  A jelly (D:5)
  An orc wizard (D:3)
  An iguana (D:6)
  A bullfrog skeleton (D:5)
  Terence (D:2)
  3 worker ants
  A hound skeleton (D:5)
  A howler monkey skeleton (D:8)
  3 gnolls
  8 adders
  A shadow imp (D:8)
  2 oozes
  An adder zombie (D:7)
  3 adder skeletons
  4 worms
  4 dart slugs
  9 leopard geckos
  13 orcs
  7 bats
  6 giant cockroaches
  4 goblins
  9 hobgoblins
  4 jackals
  6 kobolds
  3 quokkas
  4 frilled lizards
  2 gnoll zombies (D:4)
  A quokka skeleton (D:5)
  8 rats
142 creatures vanquished.

Vanquished Creatures (collateral kills)
  A centaur zombie (D:6)
  A bullfrog zombie (D:6)
  A river rat (D:6)
  A worm (D:6)
  A goblin (D:2)
5 creatures vanquished.

Vanquished Creatures (others)
  A worker ant zombie (D:8)
  A bush (D:8)
  A fungus (D:8)
  20 plants (D:8)
23 creatures vanquished.

Grand Total: 170 creatures vanquished

Notes
Turn   | Place    | Note
-------+----------+-------------------------------------------
     0 | D:1      | Goreval the Hill Orc Necromancer began the quest for the
                  | Orb.
     0 | D:1      | Reached XP level 1. HP: 14/14 MP: 3/3
   521 | D:1      | Reached XP level 2. HP: 15/20 MP: 1/4
   679 | D:1      | Learned a level 1 spell: Animate Skeleton
   846 | D:2      | Noticed Terence
  1375 | D:1      | Reached XP level 3. HP: 27/27 MP: 3/5
  1547 | D:1      | Learned a level 3 spell: Vampiric Draining
  1681 | D:1      | Reached skill level 1 in Short Blades
  2107 | D:2      | Killed Terence
  2107 | D:2      | Reached skill level 1 in Fighting
  2107 | D:2      | Reached XP level 4. HP: 6/35 MP: 0/7
  2536 | D:2      | Noticed Sigmund
  2555 | D:2      | Killed Sigmund
  2555 | D:2      | Reached skill level 5 in Necromancy
  2555 | D:2      | Reached XP level 5. HP: 9/41 MP: 0/8
  2837 | D:2      | Reached XP level 6. HP: 44/48 MP: 2/9
  3398 | D:3      | Noticed Grinder
  3405 | D:3      | Paralysed by Grinder for 3 turns
  3937 | D:5      | Entered Level 5 of the Dungeon
  3975 | D:4      | Found a hide-covered altar of Uskayaw.
  4073 | D:4      | Learned a level 4 spell: Animate Dead
  4196 | D:5      | Found a transporter.
  4196 | D:5      | Found a transporter.
  4196 | D:5      | Noticed Scypier's ghost (novice GnTm)
  4575 | D:4      | Found a basalt altar of Yredelemnul.
  4631 | D:4      | HP: 2/50 [ogre/+0 giant spiked club (29)]
  5045 | D:5      | Identified the +8 dire flail "Pele" {crush, Dex+2}
  5282 | D:5      | Reached skill level 6 in Necromancy
  5282 | D:5      | Reached XP level 7. HP: 50/57 MP: 5/11
  6517 | D:5      | Found Fiofill's Assorted Antiques.
  6525 | D:5      | Bought a scroll of identify for 40 gold pieces
  6816 | D:5      | Learned a level 3 spell: Regeneration
  6896 | D:5      | Found a runed translucent door.
  6897 | D:5      | Found a runed translucent door.
  7133 | D:6      | Found a white marble altar of Elyvilon.
  7153 | D:6      | Reached XP level 8. HP: 60/66 MP: 4/12
  7211 | D:6      | Reached skill level 7 in Necromancy
  7250 | D:6      | Found a staircase to the Ecumenical Temple.
  7259 | Temple   | Entered the Ecumenical Temple
  7485 | D:6      | Noticed Blork the orc
  7501 | D:6      | Killed Blork the orc
  8125 | D:6      | Noticed a two-headed ogre
  9005 | D:7      | Reached skill level 5 in Fighting
  9036 | D:8      | Found a radiant altar of Vehumet.
  9210 | D:7      | Noticed a hippogriff
  9223 | D:7      | Killed a hippogriff
  9223 | D:7      | Reached skill level 8 in Necromancy
  9479 | D:8      | Reached skill level 5 in Short Blades
  9479 | D:8      | Reached XP level 9. HP: 24/74 MP: 5/13
 10790 | D:3      | Paralysed by Grinder for 5 turns
 10927 | D:3      | Reached skill level 9 in Necromancy
 11026 | D:2      | Paralysed by Grinder for 7 turns
 11195 | D:3      | Found a runed translucent door.
 11196 | D:3      | Noticed Crazy Yiuf
 12199 | D:8      | Found a snail-covered altar of Cheibriados.
 12201 | D:8      | Found a shattered altar of Ashenzari.
 12232 | D:9      | Slain by a yak

Levels and vault maps discovered:
D:1:      dpeg_arrival_orchard, layout_loops_ring, minmay_pentomino_r4
D:2:      layout_basic, minmay_misc_feat_tiny, uniq_sigmund, uniq_terence
D:3:      layout_rooms, uniq_crazy_yiuf_cottage, uniq_grinder
D:4:      layout_loops_ring, marbit_many_paths, lemuel_zombie_altar_yredelemnul
D:5:      lemuel_insect_pit, layout_basic, serial_shops, shop, first_ration,
          gammafunk_ghost_smash, minmay_small_thing
D:6:      layout_basic, elyvilon_altar_5, minmay_temple_entry_junction,
          cheibrodos_sewer_entry_sluice, uniq_blork_the_orc
D:7:      layout_rooms
D:8:      layout_basic, fiery_altar_vehumet, nicolae_overflow_hidden_temple,
          minmay_lair_entry_grove, ebering_ghost_disaster_area,
          gup_ossuary_entry_pyramid
D:9:      layout_basic, chequers_temple_overflow_minitemple, serial_shops, shop,
          shop_fountains, shop, shop
Temple:   minmay_temple_bridge_abc

Skill      XL: |  1  2  3  4  5  6  7  8  9 |
---------------+----------------------------+-----
Spellcasting   | 2 3 |  3.0
Short Blades   | 1 2 3 5 |  5.9
Fighting       | 1 2 3 4 5 6 |  6.4
Necromancy     | 5 6 8 9 |  9.1
Dodging        | 3 |  3.9
Stealth        | |  1.5

Action                   |  1- 3 |  4- 6 |  7- 9 || total
-------------------------+-------+-------+-------++-------
Melee: Unarmed           |     6 |       |       ||     6
       Dagger            |    22 |    65 |   561 ||   648
       Short sword       |       |       |    12 ||    12
       Falchion          |       |       |     6 ||     6
 Cast: Pain              |    55 |   101 |   151 ||   307
       Animate Skeleton  |     5 |     7 |     5 ||    17
       Vampiric Draining |     2 |     1 |    22 ||    25
       Animate Dead      |       |       |     4 ||     4
       Regeneration      |       |       |    21 ||    21
  Use: Scroll            |       |     7 |     4 ||    11
       Potion            |       |       |     1 ||     1
 Stab: Sleeping          |     1 |     3 |       ||     4
  Eat: Chunk             |     6 |     7 |    31 ||    44
       Ration            |       |     1 |     2 ||     3
Armor: Robe              |    13 |    19 |   178 ||   210
Dodge: Dodged            |    22 |    56 |   358 ||   436
